AoeStats
← timmywang50301

Arabia

505269979Analyzed
2v2 RM · 23d ago on Sep 8, 2026· 46m 29s· 4 players
Game mode
Random Map
Map size
Medium (4 player)
Population
200
Speed
Normal
Resources
Standard
Victory
Conquest
Starting age
Dark Age
Ending age
Imperial Age
RankedLock teamsTeams togetherTeam positionsShared explorationLock speedFull tech treeHidden civsTurbo modeCheats
Victory
Defeat
🇹🇼 Inca · Taiwan
1082
+15
🇹🇼 Turks · Taiwan
1081
+15
🇹🇼 Romans · Taiwan
1072
-16
🇲🇽 Persians · Mexico
1039
-14
dse_dll
3:31 Loom
10:26 Feudal Age
18:43 Castle Age
18:22 Scale Barding Armor
18:56 Bloodlines
22:45 Pikeman
24:04 Horse Collar
26:19 Double-Bit Axe
32:36 Heavy Plow
35:50 Imperial Age
35:44 Scale Mail Armor
35:54 Forging
36:04 Halberdier
38:13 Chain Mail Armor
42:02 Cavalier
44:20 Conscription
jueaadjx
10:34 Loom
12:21 Feudal Age
17:44 Castle Age
16:47 Forging
16:43 Scale Barding Armor
17:52 Light Cavalry
18:44 Bloodlines
25:43 Man-at-Arms
25:45 Pikeman
27:15 Scale Mail Armor
28:25 Long Swordsman
29:52 Double-Bit Axe
31:30 Chain Mail Armor
31:28 Pikeman
40:50 Imperial Age
39:55 Ballistas
41:13 Halberdier
42:26 Bow Saw
43:10 Conscription
44:23 Chemistry
timmywang50301
11:28 Feudal Age
11:59 Loom
12:19 Double-Bit Axe
13:05 Horse Collar
17:00 Castle Age
17:23 Scale Mail Armor
17:35 Forging
18:50 Bow Saw
19:08 Heavy Plow
19:56 Champi Runner
23:47 Pikeman
25:46 Squires
29:43 Chain Mail Armor
30:03 Iron Casting
30:30 Stone Mining
31:23 Gold Mining
32:20 Stone Shaft Mining
32:55 Fletching
34:14 Champi Runner
37:35 Imperial Age
35:57 Champi Warrior
39:16 Elite Champi Warrior
40:54 Conscription
44:35 Fabric Shields
46:53 Plate Mail Armor
47:24 Blast Furnace
46:20 Bodkin Arrow
HBforever
7:55 Loom
10:23 Feudal Age
11:02 Double-Bit Axe
11:51 Horse Collar
20:49 Castle Age
19:24 Bloodlines
20:40 Scale Barding Armor
21:33 Forging
24:34 Bow Saw
25:43 Iron Casting
27:08 Gold Mining
29:21 Husbandry
30:15 Chain Barding Armor
35:51 Stone Mining
40:15 Imperial Age
39:24 Padded Archer Armor
40:00 Heavy Plow
40:34 Leather Archer Armor
43:45 Heavy Camel Rider
45:37 Plate Barding Armor
46:12 Blast Furnace
Connection lost

Rejoining the realm…

Still unreachable

The connection could not be restored.

Session expired

The server has moved on; the page needs a fresh start.